 Dungeon Crawl Stone Soup version 0.27.0-1-g7a089689b8 (webtiles) character file.

Game seed: 14485600657376418811

9 Sobieck the Grasshopper (level 2, -5/17 HPs)
             Began as a Gargoyle Warper on Aug 9, 2021.
             Killed from afar by Natasha (10 damage)
             ... with a magic dart
             ... on level 2 of the Dungeon.
             The game lasted 00:01:31 (720 turns).

Sobieck the Grasshopper (Gargoyle Warper)            Turns: 720, Time: 00:01:32

Health: -5/17      AC:  5    Str: 14    XL:     2   Next: 12%
Magic:  5/5        EV: 11    Int: 13    God:
Gold:   46         SH:  0    Dex:  9    Spells: 3/5 levels left

rFire    . . .     SeeInvis .   a - +0 mace {mace}
rCold    . . .     Faith    .   (no shield)
rNeg     + . .     Spirit   .   b - +0 leather armour
rPois    ∞         Reflect  .   (no helmet)
rElec    +         Harm     .   (no cloak)
rCorr    .         Rampage  .   (no gloves)
Will     .....                  (no boots)
Stlth    +.........             (no amulet)
HPRegen  0.05/turn              (no ring)
MPRegen  0.09/turn              (no ring)

@: no status effects
A: sickness immunity, AC +2, negative energy resistance 1, electricity
resistance, torment resistance 1, petrification resistance
a: no special abilities


You were on level 2 of the Dungeon.
You visited 1 branch of the dungeon, and saw 2 of its levels.

You collected 46 gold pieces.


Innate Abilities, Weirdness & Mutations

You are immune to sickness and miasma.
Your stone body is resilient. (AC +2)
You are immune to poison.
You resist negative energy. (rN+)
You are resistant to electric shocks. (rElec)
You are resistant to unholy torment.
You are immune to petrification.


   Skills:
 - Level 2.1 Fighting
 + Level 2.4 Maces & Flails
 - Level 0.8 Throwing
 - Level 1.1 Armour
 - Level 1.5 Dodging
 - Level 2.0 Spellcasting
 + Level 3.0 Translocations


You had 3 spell levels left.
You knew the following spells:

 Your Spells              Type           Power      Damage    Failure   Level
a - Blink                 Tloc           N/A        N/A       14%         2

Your spell library contained the following spells:

 Spells                   Type           Power      Damage    Failure   Level
 Gell's Gravitas          Tloc           4%         N/A       26%         3
 Lesser Beckoning         Tloc           4%         N/A       26%         3
 Teleport Other           Tloc           9%         N/A       26%         3
 Manifold Assault         Tloc           9%         N/A       94%         5

Inventory:

Hand Weapons
 a - a +0 mace (weapon) {mace}
Missiles
 d - 5 boomerangs of dispersal {=f!fthrowing}
 e - 5 stones (quivered) {throwing}
Armour
 b - a +0 leather armour (worn)
Scrolls
 c - a scroll of blinking {!r}
 g - a scroll of enchant weapon {unknown}
 h - a scroll of identify {unknown}
Potions
 f - a potion of attraction {unknown}

Dungeon Overview and Level Annotations

Branches:
Dungeon (2/15)

Altars:

Shops:
D:1 *

Annotations:
D:2 Natasha

#.#.#.#.#.
.... ...#
#.#.#.#.#.#.
...........#
#.#.#.#.#.####
...........
#.#.#.#.#..#
.........<5#
#>..>...##@##
..########h§#
#..# ##5..
..... #.#....
.....# ......
#..#..


You could see Natasha and 2 crimson imps.


Message History

The frilled lizard bites you but does no damage.
You sock the frilled lizard!
You kill the frilled lizard!
Your Translocations skill increases to level 3!
No target in view!
No target in view!
You see here a frilled lizard corpse.
You see here a frilled lizard corpse.
A hobgoblin comes into view.
The hobgoblin moves out of view.
Unknown command.
A hobgoblin is nearby!
Danger!
Found a glowing tower shield.
Found an escape hatch in the floor.
The hobgoblin hits you but does no damage.
You hit the hobgoblin but do no damage. The hobgoblin barely misses you.
You closely miss the hobgoblin. The hobgoblin closely misses you.
You closely miss the hobgoblin.
The hobgoblin hits you but does no damage.
You hit the hobgoblin. The hobgoblin closely misses you. x2
You hit the hobgoblin but do no damage.
The hobgoblin hits you but does no damage.
You hit the hobgoblin but do no damage.
The hobgoblin hits you but does no damage.
You hit the hobgoblin.
The hobgoblin hits you but does no damage.
The hobgoblin barely misses you.
You closely miss the hobgoblin.
The hobgoblin hits you but does no damage.
You hit the hobgoblin.
You kill the hobgoblin!
No target in view!
Found Uxemyzer's Assorted Antiques.
You see here a +2 tower shield of protection.
Unknown command.
Unknown command.
Unknown command.
There is an entrance to Uxemyzer's Assorted Antiques here.
You can access your shopping list by pressing '$'.
Unknown command.
Found a stone staircase leading down.
Unknown command.
There is a stone staircase leading down here.
Done exploring.
Unknown command.
Done exploring.
(D) Dungeon
Where to? (? - help)
There is a stone staircase leading down here.
You climb downwards.
Found a scroll labelled WUVVED OPUABAO.
Found an escape hatch in the floor.
There is a stone staircase leading up here.
Unknown command.
Found a stone staircase leading down.
h - a scroll labelled WUVVED OPUABAO
There is a stone staircase leading up here.
Natasha, Servant of Life and Death comes into view.
Natasha hisses angrily.
Danger!
Natasha mumbles some strange words.
There is a stone staircase leading up here.
Unknown command.
Natasha hisses.
You climb upwards.
There is a stone staircase leading down here.
You climb downwards.
Level annotation: Natasha
There is a stone staircase leading up here.
Danger!
You climb upwards.
There is a stone staircase leading down here.
You climb downwards.
Level annotation: Natasha
There is a stone staircase leading up here.
Danger!
Natasha claws you but does no damage.
You sock Natasha! Natasha claws you but does no damage.
The iron imp closely misses you.
You hit Natasha. Natasha casts a spell at you.
You resist with significant effort. The iron imp hits you.
Natasha barely misses you.
You barely miss Natasha. The iron imp barely misses you.
Natasha barely misses you.
You hit Natasha but do no damage.
Natasha drinks a potion.
Natasha is healed!
The iron imp hits you!
You completely miss Natasha. Natasha claws you.
* * * LOW HITPOINT WARNING * * *
The iron imp barely misses you.
Natasha casts a spell.
You closely miss Natasha.
The iron imp disappears in a puff of smoke!
Natasha casts a spell.
The crimson imp closely misses you.
Unknown command.
You barely miss Natasha. Natasha casts a spell at you. The magic dart hits you!
Ouch! That really hurt!
You die...

Skill      XL: |  1  2 |
---------------+-------+-----
Translocations | 3 |  3.0
Fighting       | |  2.1
Maces & Flails | |  2.4
Throwing       | |  0.8
Armour         | |  1.1
Dodging        | |  1.5
Spellcasting   | |  2.0

Action                   || total
-------------------------++-------
Melee: Mace              ||    37
Armor: Leather armour    ||    17
Dodge: Dodged            ||    28

Levels and vault maps discovered:
D:1:      dpeg_arrival_arbitrary_c, layout_basic, serial_shops,
          nicolae_shop_overgrown_old_shop, grunt_decor_junction
D:2:      layout_rooms, hex_large, hangedman_feature_mirror, minmay_box_of_dots,
          uniq_terence, uniq_jessica, uniq_natasha

Notes
Turn   | Place    | Note
-------+----------+-------------------------------------------
     0 | D:1      | Sobieck the Gargoyle Warper began the quest for the Orb.
     0 | D:1      | Reached XP level 1. HP: 12/12 MP: 3/3
   428 | D:1      | Reached XP level 2. HP: 17/17 MP: 5/5
   504 | D:1      | Learned a level 2 spell: Blink
   506 | D:1      | Reached skill level 3 in Translocations
   578 | D:1      | Found Uxemyzer's Assorted Antiques.
   702 | D:2      | Noticed Natasha
   719 | D:2      | Noticed a crimson imp
   720 | D:2      | Noticed a crimson imp
   720 | D:2      | Killed from afar by Natasha

Vanquished Creatures
  A goblin (D:1)
  2 hobgoblins (D:1)
  A kobold (D:1)
  A quokka (D:1)
  A ball python (D:1)
  A bat (D:1)
  A frilled lizard (D:1)
8 creatures vanquished.

Table legend:
 A = Non-vault XP
 B = Vault XP
 C = Vault XP percentage of total XP
 D = Non-vault monster count
 E = Vault monster count
 F = Vault count percentage of total count
                 A         B        C        D         E       F
            +---------+---------+-------+---------+---------+-------
      Total |      13 |       0 |   0.0 |       8 |       0 |   0.0
            +---------+---------+-------+---------+---------+-------
        D:1 |      13 |       0 |   0.0 |       8 |       0 |   0.0
            +---------+---------+-------+---------+---------+-------

Illustrated notes

Table legend:
 A = Kills in this place as a percentage of kills in entire the game.
 B = Kills by you in this place as a percentage of kills by you in the entire game.
 C = Kills by friends in this place as a percentage of kills by friends in the entire game.
 D = Other kills in this place as a percentage of other kills in the entire game.
 E = Experience gained in this place as a percentage of experience gained in the entire game.
 F = Experience gained in this place divided by the number of levels of this place that you have seen.
                   A       B       C       D       E      F
               +-------+-------+-------+-------+-------+----------------------
         Total | 100.0 | 100.0 |   N/A |   N/A | 100.0 |   6.5
       Dungeon | 100.0 | 100.0 |   N/A |   N/A | 100.0 |   6.5
               +-------+-------+-------+-------+-------+----------------------

Table legend: (Time is in decaauts)
 A = Elapsed time spent in this place.
 B = Non-inter-level travel time spent in this place.
 C = Inter-level travel time spent in this place.
 D = Time resting spent in this place.
 E = Time spent auto-exploring this place.
 F = Levels seen in this place.
 G = Mean time per level.
                   A        B        C        D        E       F      G
               +--------+--------+--------+--------+--------+-----+--------+
         Total |    732 |    721 |     11 |    102 |    508 |   2 |  366.0 |
       Dungeon |    732 |    721 |     11 |    102 |    508 |   2 |  366.0 |
               +--------+--------+--------+--------+--------+-----+--------+

Top non-repeatable levels by time:
     D:1: 707 daAuts
     D:2: 24 daAuts
